AoeStats
← agamemnon_of_mycenae

Arabia

510188276Analyzed
1v1 RM · 2d ago on Sep 29, 2026· 45m 54s· 2 players
Game mode
Random Map
Map size
Tiny (2 player)
Population
200
Speed
Normal
Resources
Standard
Victory
Conquest
Starting age
Dark Age
Ending age
Imperial Age
RankedLock teamsTeams togetherTeam positionsShared explorationLock speedFull tech treeHidden civsTurbo modeCheats
Victory
Defeat
979
+14
🇺🇸 Vietnamese · United States
944
-14
agamemnon_of_mycenae
8:43 Loom
10:58 Feudal Age
12:16 Wheelbarrow
11:27 Double-Bit Axe
13:26 Horse Collar
16:56 Padded Archer Armor
19:21 Gold Mining
19:19 Town Watch
22:19 Castle Age
20:38 Stone Mining
21:47 Fletching
23:05 Heavy Plow
23:17 Bow Saw
24:22 Thumb Ring
23:54 Elite Skirmisher
27:17 Leather Archer Armor
29:33 Bodkin Arrow
42:04 Ballistics
46:17 Imperial Age
位技术水平平平但策略
4:58 Loom
10:05 Feudal Age
10:33 Double-Bit Axe
15:08 Fletching
20:35 Castle Age
22:02 Wheelbarrow
21:57 Bodkin Arrow
22:03 Padded Archer Armor
22:11 Crossbowman
24:14 Horse Collar
25:17 Hand Cart
31:01 Ballistics
41:13 Imperial Age
40:48 Gold Mining
40:48 Stone Mining
40:55 Stone Mining
41:27 Hand Cart
41:36 Onager
41:40 Arbalester
42:28 Bracer
42:43 Leather Archer Armor
42:50 Leather Archer Armor
44:07 Conscription
43:37 Light Cavalry
Connection lost

Rejoining the realm…

Still unreachable

The connection could not be restored.

Session expired

The server has moved on; the page needs a fresh start.